 Dungeon Crawl Stone Soup version 0.27-a0-1189-gb8eb6cee8e (webtiles) character file.

Game seed: 10768629126324521288

37 ZappyNine the Sneak (level 3, -4/20 HPs)
             Began as a Kobold Artificer on May 22, 2021.
             Slain by a gnoll
             ... wielding a +0 spear
              (6 damage)
             ... on level 2 of the Dungeon.
             The game lasted 00:02:04 (1666 turns).

ZappyNine the Sneak (Kobold Artificer)              Turns: 1666, Time: 00:02:05

Health: -4/20      AC:  4    Str:  9    XL:     3   Next: 60%
Magic:  3/3        EV: 14    Int: 12    God:
Gold:   26         SH:  0    Dex: 16    Spells: 2/2 levels left

rFire    . . .     SeeInvis .   i - +0 dagger (freeze)
rCold    . . .     Faith    .   (shield restricted)
rNeg     . . .     Spirit   .   b - +0 leather armour
rPois    .         Reflect  .   (no helmet)
rElec    .         Harm     .   (no cloak)
rCorr    .         Rampage  .   (no gloves)
Will     .....                  g - +0 pair of boots
Stlth    ++++......             (no amulet)
HPRegen  0.06/turn              (no ring)
MPRegen  0.08/turn              (no ring)

@: no status effects
A: small, no large weapons, nightstalker 3
a: no special abilities


You were on level 2 of the Dungeon.
You visited 1 branch of the dungeon, and saw 2 of its levels.

You collected 26 gold pieces.

Inventory:

Hand Weapons
 i - a +0 dagger of freezing (weapon)
Armour
 b - a +0 leather armour (worn)
 g - a +0 pair of boots (worn)
Wands
 c - a wand of flame (10) (quivered)
 d - a wand of charming (15)
Potions
 a - a potion of curing {unknown}
 h - a potion of brilliance {unknown}
Miscellaneous
 e - a piece from Xom's chessboard (14/15)


   Skills:
 - Level 1.1 Fighting
 - Level 0.7 Armour
 - Level 2.4 Dodging
 + Level 4.7 Stealth
 - Level 3.6 Evocations


You had 2 spell levels left.
You didn't know any spells.
Your spell library contained the following spells:

 Spells                   Type           Power      Damage    Failure   Level
 Animate Skeleton         Necr           0%         N/A       41%         1
 Pain                     Necr           0%         1d4       41%         1
 Vampiric Draining        Necr           0%         2d6       80%         3
 Animate Dead             Necr           0%         N/A       99%         4
 Agony                    Necr           0%         N/A       100%        5


Dungeon Overview and Level Annotations

Branches:
Dungeon (2/15)

Altars:

Shops:
D:1 ?


Innate Abilities, Weirdness & Mutations

You are small and have problems with some larger weapons.
You are completely attuned to the shadows.


Message History

You hit the kobold. You freeze the kobold.
You kill the kobold!
No target in view!
A gnoll comes into view. It is wielding a +0 halberd.
A gnoll is nearby!
A gnoll is nearby!
A gnoll is nearby!
Found a stone staircase leading down.
Aiming: Throw Flame
Press: ? - help, Shift-Dir - straight line, f - gnoll
Aim: a gnoll, wielding a +0 halberd (wandering, hasn't noticed you, 75% to hit)
The puff of flame hits the gnoll.
The gnoll is moderately wounded.
The gnoll shouts!
A gnoll comes into view. It is wielding a +0 flail.
You make a move on Xom's chessboard...
The gnoll shouts!
The gnoll is moving more slowly.
You hear a shout!
You make a move on Xom's chessboard...
Nothing appears to happen.
A gnoll comes into view. It is wielding a +0 spear.
The gnoll barely misses you.
The gnoll hits you from afar with a +0 spear.
The gnoll hits you with a +0 halberd.
The helpless gnoll fails to defend itself.
You puncture the gnoll! You freeze the gnoll.
The gnoll is severely wounded.
The gnoll misses you. x2
Unknown command.
The helpless gnoll fails to defend itself.
You puncture the gnoll! You freeze the gnoll.
You kill the gnoll!
The gnoll misses you. x2
Your piece from Xom's chessboard (14/15) has regained one charge.
The gnoll hits you from afar with a +0 halberd!
* * * LOW HITPOINT WARNING * * *
The gnoll hits you from afar with a +0 halberd.
* * * LOW HITPOINT WARNING * * *
The gnoll hits you from afar with a +0 spear.
You die...

...)...).....
.....##†.....
..>..#.......
.....#.....##
.....#......#
........g.......#
#.......g#.......
.##...............
......#....@......
.........#........
.....##...........
.....##........###
.....####......#
.....####.)......
.................
................#
..............#.##


You could see 2 gnolls.

Vanquished Creatures
  A gnoll (D:2)
  A dart slug (D:2)
  A bat (D:1)
  2 endoplasms (D:1)
  A giant cockroach (D:1)
  3 goblins (D:1)
  5 hobgoblins
  A quokka (D:1)
  A ball python (D:1)
  3 frilled lizards (D:1)
  4 kobolds
23 creatures vanquished.

Notes
Turn   | Place    | Note
-------+----------+-------------------------------------------
     0 | D:1      | ZappyNine the Kobold Artificer began the quest for the Orb.
     0 | D:1      | Reached XP level 1. HP: 12/12 MP: 1/1
   249 | D:1      | Reached skill level 2 in Stealth
   705 | D:1      | Reached XP level 2. HP: 16/16 MP: 2/2
   721 | D:1      | Reached skill level 3 in Stealth
   793 | D:1      | Found a faded altar of an unknown god.
  1244 | D:1      | Found Yfudaab's Magic Scroll Shop.
  1367 | D:2      | Reached skill level 4 in Stealth
  1367 | D:2      | Reached XP level 3. HP: 19/20 MP: 3/3
  1666 | D:2      | Slain by a gnoll

Illustrated notes

Levels and vault maps discovered:
D:1:      amcnicky_arrival_abandoned_market, layout_basic,
          ebering_ecumenical_altar_hall, serial_shops,
          nicolae_shop_behind_doors, kennysheep_small_spiral,
          chequers_serial_rivers_small_3
D:2:      layout_basic, serial_aquarium, aquarium_bridge_straight
          [aquarium_subvault_bridge, aquarium_subvault_wall,
          aquarium_subvault_bridge, aquarium_subvault_window],
          aquarium_window_3, aquarium_window_1, aquarium_window_2,
          aquarium_view_2d, aquarium_view_2b, aquarium_pool_double, uniq_sigmund

Skill      XL: |  1  2 |
---------------+-------+-----
Stealth        | 2 4 |  4.7
Fighting       | |  1.1
Armour         | |  0.7
Dodging        | |  2.4
Evocations     | |  3.6

Action                   || total
-------------------------++-------
Melee: Club              ||     9
       Short sword       ||    38
       Dagger            ||    13
Evoke: Wand              ||     5
       Piece from Xom's  ||     2
 Stab: Sleeping          ||     9
       Petrified         ||     2
Armor: Leather armour    ||    11
Dodge: Dodged            ||    44

Table legend: (Time is in decaauts)
 A = Elapsed time spent in this place.
 B = Non-inter-level travel time spent in this place.
 C = Inter-level travel time spent in this place.
 D = Time resting spent in this place.
 E = Time spent auto-exploring this place.
 F = Levels seen in this place.
 G = Mean time per level.
                   A        B        C        D        E       F      G
               +--------+--------+--------+--------+--------+-----+--------+
         Total |   1673 |   1604 |     69 |    216 |   1207 |   2 |  836.5 |
       Dungeon |   1673 |   1604 |     69 |    216 |   1207 |   2 |  836.5 |
               +--------+--------+--------+--------+--------+-----+--------+

Top non-repeatable levels by time:
     D:1: 1365 daAuts
     D:2: 307 daAuts
